 Dungeon Crawl Stone Soup version 0.28.0 (webtiles) character file.

Game seed: 8941274365289924159

82 sanka the Magician (level 4, -2/24 HPs)
             Began as a Deep Elf Transmuter on Feb 8, 2022.
             Killed by their own static electricity (3 damage)
             ... on level 2 of the Dungeon.
             The game lasted 00:04:41 (3118 turns).

sanka the Magician (Deep Elf Transmuter)            Turns: 3118, Time: 00:04:42

Health: -2/24      AC:  2    Str: 13    XL:     4   Next: 21%
Magic:  0/12       EV: 12    Int: 20    God:
Gold:   61         SH:  0    Dex: 15    Spells: 8/11 levels left

rFire   . . .      SeeInvis .     - Unarmed
rCold   . . .      Faith    .   (no shield)
rNeg    . . .      Spirit   .   a - +0 robe
rPois   .          Reflect  .   (no helmet)
rElec   .          Harm     .   (no cloak)
rCorr   .          Rampage  .   (no gloves)
Will    .....                   (no boots)
Stlth   +.........              d - amulet of the acrobat
HPRegen 0.08/turn               e - +6 ring of strength
MPRegen 0.13/turn               (no ring)

@: no status effects
A: no striking features
a: no special abilities


You were on level 2 of the Dungeon.
You visited 1 branch of the dungeon, and saw 2 of its levels.

You collected 61 gold pieces.

Inventory:

Armour
 a - a +0 robe (worn)
Jewellery
 d - an amulet of the acrobat (around neck)
 e - a +6 ring of strength (left hand)
Scrolls
 b - a scroll of identify {unknown}
 c - 5 scrolls of vulnerability {unknown}
Potions
 f - 2 potions of lignification {unknown}
 g - a potion of might {unknown}


   Skills:
 - Level 0.7 Fighting
 - Level 2.4 Dodging
 - Level 2.4 Unarmed Combat
 - Level 4.0 Spellcasting
 + Level 2.4 Conjurations
 - Level 2.1 Transmutations
 + Level 2.2 Air Magic


You had 8 spell levels left.
You knew the following spells:

 Your Spells              Type           Power      Damage    Failure   Level
a - Beastly Appendage     Tmut           24%        N/A       5%          1
b - Static Discharge      Conj/Air       13%        N/A       8%          2

Your spell library contained the following spells:

 Spells                   Type           Power      Damage    Failure   Level
 Wereblood                Tmut           12%        N/A       8%          2
 Spider Form              Tmut/Pois      8%         N/A       24%         3
 Ice Form                 Ice/Tmut       8%         N/A       63%         4
 Lightning Bolt           Conj/Air       6%         1d18      80%         5
 Maxwell's Capacitive Co  Air            6%         ∞         100%        8


Dungeon Overview and Level Annotations

Branches:
Dungeon (2/15)

Altars:

Shops:
D:1 (


Message History

Magic restored.
You start resting.
HP restored.
A worm comes into view.
Found a scroll labelled TIH OMODGHYURURPH.
The worm misses you.
The worm is struck by an arc of lightning.
The worm is moderately wounded.
You are struck by an arc of lightning.
The lightning grounds out.
The worm is struck by an arc of lightning.
The worm is heavily wounded.
You are struck by an arc of lightning.
The lightning grounds out.
The worm misses you.
The worm is struck by an arc of lightning.
The worm is severely wounded.
You are struck by an arc of lightning.
The lightning grounds out.
The worm bites you!
You are too injured to fight recklessly!
Unknown command.
Casting: Static Discharge (safe; 8% risk of failure)
Confirm with . or Enter, or press ? or * to list all spells.
The worm is struck by an arc of lightning.
The worm is severely wounded.
You are struck by an arc of lightning.
* * * LOW HITPOINT WARNING * * *
The lightning grounds out.
Casting: Static Discharge (safe; 8% risk of failure)
Confirm with . or Enter, or press ? or * to list all spells.
The worm is struck by an arc of lightning.
The worm is almost dead.
You are struck by an arc of lightning.
* * * LOW HITPOINT WARNING * * *
The lightning grounds out.
The worm bites you.
* * * LOW HITPOINT WARNING * * *
Casting: Static Discharge (safe; 8% risk of failure)
Confirm with . or Enter, or press ? or * to list all spells.
The worm is struck by an arc of lightning.
You kill the worm!
You are struck by an arc of lightning.
You die...

#.....#.# #.......#
#.......# ........#
........###############
................†......
........#......#######..
..........####.#........
.....###.## #..@.......
.........# ###.!......
.##......^ ######..?
.......... . ##..#......
.......>.. ##........
#...# ##........ #.S.#
.......... ############


There were no monsters in sight!

Vanquished Creatures
  5 adders (D:2)
  A worm (D:2)
  2 endoplasms
  A giant cockroach (D:2)
  A goblin (D:1)
  4 hobgoblins
  4 jackals (D:1)
  A quokka (D:2)
  4 ball pythons
  5 bats
  2 frilled lizards
  6 kobolds
  4 rats
40 creatures vanquished.

Notes
Turn   | Place    | Note
-------+----------+-------------------------------------------
     0 | D:1      | sanka the Deep Elf Transmuter began the quest for the Orb.
     0 | D:1      | Reached XP level 1. HP: 11/11 MP: 6/6
   593 | D:1      | Reached skill level 4 in Spellcasting
   593 | D:1      | Reached XP level 2. HP: 6/16 MP: 7/9
   892 | D:1      | Found Lurak's Weapon Emporium.
   903 | D:1      | Learned a level 2 spell: Static Discharge
  1325 | D:1      | Reached skill level 1 in Conjurations
  1590 | D:2      | Reached skill level 1 in Air Magic
  1590 | D:2      | Reached XP level 3. HP: 10/20 MP: 10/10
  2897 | D:2      | Reached XP level 4. HP: 19/24 MP: 4/12
  3117 | D:2      | HP: 1/24 [worm (5)]
  3118 | D:2      | Killed from afar by themself

Illustrated notes

Levels and vault maps discovered:
D:1:      dpeg_arrival_prison, layout_rooms, serial_shops, nicolae_shop_trees,
          hangedman_decor_peaks_small
D:2:      layout_rooms, serial_co_window_serial, co_window_corner_a,
          co_window_corner_a, co_window_paths_b, co_window_of_opportunity_a,
          co_window_corner_a, co_window_paths_b, co_window_2corner,
          co_window_broadway_c, co_window_2corner, co_window_broadway_a,
          co_window_cross_3, co_window_paths_c, co_window_broadway_c,
          interstate_on_off

Skill      XL: |  1  2  3 |
---------------+----------+-----
Spellcasting   | 4 |  4.0
Conjurations   | 1 2 |  2.4
Air Magic      | 1 2 |  2.2
Fighting       | |  0.7
Dodging        | |  2.4
Unarmed Combat | |  2.4
Transmutations | |  2.1

Action                   |  1- 3 |  4- 6 || total
-------------------------+-------+-------++-------
Melee: Unarmed           |    82 |     1 ||    83
       Kick              |    16 |       ||    16
       Headbutt          |    10 |       ||    10
       Punch             |     3 |       ||     3
 Cast: Beastly Appendage |    18 |       ||    18
       Static Discharge  |    17 |     8 ||    25
Armor: Robe              |    14 |       ||    14
Dodge: Dodged            |    64 |     5 ||    69
